 Dungeon Crawl Stone Soup version 0.25.0-46-gbd7b0854d2 (webtiles) character file.

Game seed: 553772087081118487

2277 Ethylacetat the Zephyrmancer (level 9, 0/53 HPs)
             Began as an Octopode Air Elementalist on July 15, 2020.
             Slain by Maggie
             ... wielding a +2 scimitar of draining
              (6 damage)
             ... while paralysed by Maggie
             ... on level 6 of the Dungeon.
             The game lasted 00:16:49 (8474 turns).

Ethylacetat the Zephyrmancer (OpAE)                 Turns: 8474, Time: 00:16:50

Health: 0/53       AC:  1    Str:  8    XL:     9   Next: 39%
Magic:  2/17       EV:  2    Int: 20    God:
Gold:   250        SH:  0    Dex: 12    Spells: 14/19 levels left

rFire    . . .     SeeInvis +   y - +2 rapier (holy)
rCold    + . .     Gourm    .   (no shield)
rNeg     . . .     Faith    .   (helmet restricted)
rPois    .         Spirit   .   a - amulet of the acrobat
rElec    .         Reflect  .   d - +4 ring of evasion
rCorr    .         Harm     .   f - ring of protection from cold
MR       .....                  h - ring of see invisible
Stlth    +++.......             (no ring)
HPRegen  0.17/turn              (no ring)
MPRegen  0.15/turn              (no ring)
                                (no ring)
                                (no ring)

@: paralysed, mesmerised, drained
A: almost no armour, stealthy swim, amphibious, 8 rings, constrict 8, camouflage
1, gelatinous body 1
a: no special abilities


You were on level 6 of the Dungeon.
You were not hungry.

You visited 1 branch of the dungeon, and saw 6 of its levels.

You collected 250 gold pieces.

Inventory:

Hand Weapons
 y - a +2 rapier of holy wrath (weapon)
Jewellery
 a - an amulet of the acrobat (around mantle)
 d - a +4 ring of evasion (left tentacle)
 f - a ring of protection from cold (right tentacle)
 h - a ring of see invisible (on tentacle)
Scrolls
 e - 3 scrolls of identify
 i - 2 scrolls of remove curse
 k - 2 scrolls of blinking {unknown}
 n - 2 scrolls of enchant weapon {unknown}
 o - a scroll of amnesia {unknown}
 s - a scroll of noise {unknown}
 v - a scroll of enchant armour {unknown}
 B - a scroll of teleportation {unknown}
Potions
 c - 3 potions of stabbing {unknown}
 g - 2 potions of haste {unknown}
 j - a potion of lignification {unknown}
 l - a potion of heal wounds {unknown}
 m - 3 potions of brilliance {unknown}
 p - a potion of flight {unknown}
 q - a potion of invisibility
 r - a potion of resistance {unknown}
 t - 3 potions of mutation {unknown}
 u - 2 potions of curing
 w - 2 potions of berserk rage {unknown}
 z - a potion of cancellation {unknown}
 A - 2 potions of might {unknown}
Comestibles
 b - 13 rations
 x - 5 chunks of flesh


   Skills:
 + Level 1.2(0.5) Fighting
 + Level 1.3(0.7) Short Blades
   Level 1.2(0.6) Maces & Flails
 - Level 2.0(1.3) Dodging
 - Level 2.6(2.0) Stealth
 + Level 5.9(5.2) Spellcasting
 * Level 6.6(5.9) Conjurations
 * Level 8.2(7.5) Air Magic


You had 14 spell levels left.
You knew the following spells:

 Your Spells              Type           Power        Failure   Level  Hunger
a - Shock                 Conj/Air       ####         1%          1    None
b - Airstrike             Air            #####.....   4%          4    ####...

Your spell library contained the following spells:

 Spells                   Type           Power        Failure   Level  Hunger
 Static Discharge         Conj/Air       ####....     2%          3    ##.....
 Swiftness                Chrm/Air       ###.....     3%          2    None
 Lightning Bolt           Conj/Air       ####......   21%         5    #####..


Dungeon Overview and Level Annotations

Branches:
Dungeon (6/15)
 Temple: D:4-7

Altars:
Ashenzari
Kikubaaqudgha
Sif Muna
Trog
Wu Jian
Yredelemnul
Zin

Shops:
D:6 %

Annotations:
D:6 Maggie


Innate Abilities, Weirdness & Mutations

You cannot wear most types of armour.
You are very stealthy in the water. (Stealth+)
You are amphibious.
You can wear up to eight rings at the same time.
You can use your tentacles to constrict eight enemies at once.
Your skin changes colour to match your surroundings (Stealth+).
Your rubbery body absorbs attacks. (AC +1, EV +1)


Message History

Maggie is severely wounded.
You closely miss Maggie. Your grab misses Maggie. You squeeze Maggie.
Maggie is severely wounded.
Maggie closely misses you.
You hit Maggie. You grab Maggie.
Maggie is severely wounded.
You constrict Maggie, but do no damage.
Maggie points at you and mumbles some strange words.
The bolt of fire hits you!
Maggie zaps a wand.
You suddenly lose the ability to move!
You lose your grip on Maggie.
Maggie mumbles some strange words.
Maggie attempts to bespell you!
You are mesmerised by Maggie!
Maggie hits you with a +2 scimitar of draining!
You feel drained. Maggie casts a spell at you. The bolt of fire hits you!!
* * * LOW HITPOINT WARNING * * *
Maggie hits you with a +2 scimitar of draining.
You die...

#
#....#.................#
#
##..)##....##..........#
# ##....##.>........# #
#.....##....##....# #
#.....##...รท##....# #
#............#....# #
##....##.....#.....# #
#######.....#.....# #
#@.....# ...# #
......@......# #
......#......# #
......#......# # #####
######## #


You could see Maggie (mesmerising).

Vanquished Creatures
  Grinder (D:4)
  Prince Ribbit (D:5)
  Sigmund (D:2)
  Eustachio (D:5)
  Edmund (D:4)
  A sky beast (D:5)
  3 ogres
  A centaur (D:5)
  Blork the orc (D:5)
  A bullfrog (D:6)
  A howler monkey (D:4)
  2 crimson imps
  An orc priest (D:6)
  A jelly (D:5)
  2 hounds
  Jessica (D:2)
  A centaur skeleton (D:6)
  Natasha (twice) (D:2)
  7 orc wizards
  3 worker ants (D:4)
  A worker ant zombie (D:5)
  8 adders
  4 gnolls (D:3)
  2 oozes
  2 adder zombies (D:5)
  An adder skeleton (D:5)
  3 worms
  A dart slug (D:2)
  4 leopard geckos
  28 orcs
  5 bats
  7 giant cockroaches
  5 goblins
  10 hobgoblins
  20 jackals
  14 kobolds
  3 quokkas
  5 ball pythons
  2 frilled lizards
  2 rats
160 creatures vanquished.

Notes
Turn   | Place    | Note
-------+----------+-------------------------------------------
     0 | D:1      | Ethylacetat the Octopode Air Elementalist began the quest
                  | for the Orb.
     0 | D:1      | Reached XP level 1. HP: 11/11 MP: 3/3
    41 | D:1      | Reached XP level 2. HP: 17/17 MP: 0/5
   483 | D:1      | Reached XP level 3. HP: 9/21 MP: 0/6
  1409 | D:2      | Noticed Sigmund
  1418 | D:2      | Reached skill level 4 in Air Magic
  1419 | D:2      | Killed Sigmund
  1419 | D:2      | Reached skill level 1 in Maces & Flails
  1419 | D:2      | Reached XP level 4. HP: 12/27 MP: 1/8
  1419 | D:2      | Reached XP level 5. HP: 14/32 MP: 1/9
  1753 | D:2      | Noticed Jessica
  1756 | D:2      | Killed Jessica
  1756 | D:2      | Reached skill level 5 in Air Magic
  1756 | D:2      | Reached XP level 6. HP: 37/37 MP: 6/10
  1762 | D:2      | Learned a level 4 spell: Airstrike
  2126 | D:2      | Noticed Natasha
  2130 | D:2      | Killed Natasha
  2381 | D:2      | Noticed Natasha
  2392 | D:2      | Killed Natasha
  2438 | D:2      | Found a shimmering blue altar of Sif Muna.
  3773 | D:3      | Reached XP level 7. HP: 39/42 MP: 5/12
  4623 | D:4      | Noticed Grinder
  4633 | D:4      | Paralysed by Grinder for 3 turns
  4638 | D:4      | Killed Grinder
  4638 | D:4      | Reached skill level 6 in Air Magic
  4785 | D:4      | Reached skill level 5 in Conjurations
  4865 | D:4      | Reached XP level 8. HP: 47/47 MP: 8/14
  5342 | D:4      | Noticed Edmund
  5361 | D:4      | Killed Edmund
  5659 | D:4      | Found a glowing silver altar of Zin.
  5744 | D:5      | Entered Level 5 of the Dungeon
  5874 | D:5      | Noticed Eustachio
  5882 | D:5      | Killed Eustachio
  5882 | D:5      | Reached skill level 7 in Air Magic
  6070 | D:5      | Reached skill level 1 in Fighting
  6171 | D:5      | Noticed Blork the orc
  6181 | D:5      | Killed Blork the orc
  6181 | D:5      | Reached skill level 5 in Spellcasting
  6624 | D:5      | Found a shattered altar of Ashenzari.
  6624 | D:5      | Found a basalt altar of Yredelemnul.
  6709 | D:5      | Reached XP level 9. HP: 53/53 MP: 3/17
  6837 | D:5      | Found a bloodstained altar of Trog.
  6838 | D:5      | Found an ornate altar of the Wu Jian Council.
  6861 | D:5      | Noticed Prince Ribbit
  6869 | D:5      | Killed Prince Ribbit
  7019 | D:5      | Reached skill level 8 in Air Magic
  7133 | D:5      | Found an ancient bone altar of Kikubaaqudgha.
  7987 | D:6      | Found a basalt altar of Yredelemnul.
  8009 | D:6      | Reached skill level 1 in Short Blades
  8150 | D:6      | Found Midamoid's Food Emporium.
  8463 | D:6      | Noticed Maggie
  8469 | D:6      | Paralysed by Maggie for 6 turns
  8474 | D:6      | Slain by Maggie

Illustrated notes

Levels and vault maps discovered:
D:1:      wander_arrival_fairy_ring, layout_loops_ring
D:2:      wad_pebble_path, layout_basic, first_ration, led_sif_pool,
          uniq_sigmund, uniq_jessica, uniq_natasha
D:3:      layout_loops_ring, st_stairs_13
D:4:      layout_basic, kennysheep_little_box, minmay_misc_feat_alley,
          st_stairs_7, uniq_edmund, uniq_grinder
D:5:      layout_loops_corners, gammafunk_temple_overflow_pools,
          gammafunk_temple_overflow_statue, basic_altar, uniq_blork_the_orc,
          uniq_eustachio, uniq_prince_ribbit1
D:6:      layout_gridville, serial_shops, shop_statue, basic_altar, uniq_maggie,
          uniq_menkaure

Skill      XL: |  1  2  3  4  5  6  7  8  9 |
---------------+----------------------------+-----
Air Magic      | 4 5 6 7 8 |  8.2
Maces & Flails | 1 |  1.2
Conjurations   | 2 3 5 6 |  6.6
Spellcasting   | 3 4 5 |  5.9
Fighting       | 1 |  1.2
Short Blades   | 1 |  1.3
Dodging        | |  2.0
Stealth        | |  2.6

Action                   |  1- 3 |  4- 6 |  7- 9 || total
-------------------------+-------+-------+-------++-------
Melee: Whip              |    26 |    11 |       ||    37
       Constrict         |     9 |     4 |    10 ||    23
       Tentacles         |     2 |     2 |     8 ||    12
       Rapier            |       |       |    36 ||    36
 Cast: Shock             |    47 |    88 |   141 ||   276
       Airstrike         |       |       |    40 ||    40
  Use: Scroll            |       |       |     2 ||     2
  Eat: Chunk             |     2 |     7 |    20 ||    29
Armor: Skin              |     2 |     2 |     2 ||     6
Dodge: Dodged            |    31 |    26 |    59 ||   116
